 Dungeon Crawl Stone Soup version 0.30-a0-250-g41c1d76940 (webtiles) character file.

Game seed: 5328564330022840093

11788 Iusername the Fighter (level 11, -10/104 HPs)
             Began as a Minotaur Fighter on Oct 12, 2022.
             Was a High Priest of Okawaru.
             Mangled by a sun demon (16 damage)
             ... led by a balrug
             ... on level 2 of the Abyss.
             The game lasted 00:23:22 (15202 turns).

Iusername the Fighter (Minotaur Fighter)           Turns: 15202, Time: 00:23:23

Health: -10/104    AC: 21    Str: 25 (26) XL:     11   Next: 53%
Magic:  10/10      EV:  7    Int:  3 (5)  God:    Okawaru [*****.]
Gold:   700        SH:  0    Dex:  9      Spells: 10/10 levels left

rFire   . . .      SeeInvis .    I - +0 battleaxe
rCold   . . .      Faith    .    (shield currently unavailable)
rNeg    . . .      Spirit   .    e - +0 plate armour
rPois   .          Reflect  .    (helmet restricted)
rElec   .          Harm     .    i - +2 cloak
rCorr   .          Rampage  .    z - +0 pair of gloves
Will    .....                    j - +0 pair of boots
Stlth   ..........               (no amulet)
HPRegen 0.37/turn                (no ring)
MPRegen 0.12/turn                (no ring)

@: no status effects
A: horns 2, retaliatory headbutt
a: Renounce Religion, Heroism, Finesse, Duel


You were on level 2 of the Abyss.
You worshipped Okawaru.
Okawaru was extremely pleased with you.
You visited 2 branches of the dungeon, and saw 12 of its levels.
You visited the Abyss 1 time.
You also visited: Sewer.

You collected 700 gold pieces.

Inventory:

Hand Weapons
 I - a +0 battleaxe (weapon)
Missiles
 y - 12 boomerangs
Armour
 e - a +0 plate armour (worn)
 i - a +2 cloak (worn)
 j - a +0 pair of boots (worn)
 z - a +0 pair of gloves (worn)
Jewellery
 q - a ring of protection from fire
 s - an amulet of reflection
 C - a ring of flight
Wands
 a - a wand of paralysis (9)
 x - a wand of flame (11) (quivered)
 A - a wand of roots (25)
 E - a wand of digging (7)
Scrolls
 c - 2 scrolls of identify
 d - a scroll of torment {unknown}
 h - 2 scrolls of vulnerability
 k - 5 scrolls of magic mapping
 l - 2 scrolls of noise
 o - 3 scrolls of amnesia {unknown}
 r - 2 scrolls of silence
 t - 3 scrolls of teleportation
 u - 2 scrolls of fear
 D - a scroll of immolation {unknown}
Potions
 b - 2 potions of attraction {unknown}
 m - a potion of lignification {unknown}
 n - a potion of brilliance
 v - 2 potions of magic
 B - a potion of cancellation {unknown}
 F - a potion of haste {unknown}
 G - a potion of flight {unknown}


   Skills:
 + Level 11.7 Fighting
 + Level 11.3 Axes
 + Level 11.7 Armour
 + Level 11.6 Shields


You had 10 spell levels left.
You didn't know any spells.
Your spell library contained the following spells:

 Spells                   Type           Power      Damage    Failure   Level
 Static Discharge         Conj/Air       0%         2-2/arc   100%        2
 Gell's Gravitas          Tloc           0%         N/A       100%        3
 Teleport Other           Tloc           0%         N/A       100%        3
 Vhi's Electric Charge    Tloc/Air       0%         N/A       100%        3
 Arcjolt                  Conj/Air       0%         1d10      100%        5
 Lightning Bolt           Conj/Air       0%         1d11      100%        5
 Dispersal                Tloc           0%         N/A       100%        6


Dungeon Overview and Level Annotations

Branches:
Dungeon (11/15)            Temple (0/1) D:5             Orc (1/2) D:10
  Sewer (visited)
   Lair: D:8-11

Altars:
Cheibriados
Elyvilon
Fedhas
Hepliaklqana
Kikubaaqudgha
Makhleb
Okawaru
Qazlal
Vehumet

Annotations:
D:9 exclusion: orange crystal statue
D:11 Psyche


Innate Abilities, Weirdness & Mutations

You have a pair of horns on your head.
You reflexively headbutt those who attack you in melee.


Message History

Your headbutt misses the chaos spawn.
The chaos spawn is almost dead.
The chaos spawn hits you. The chaos spawn shocks you!
You slash the chaos spawn!
You kill the chaos spawn!
Okawaru accepts your kill.
The chaos spawn degenerates into a cloud of primal chaos!
No target in view!
A sun demon comes into view.
That beam is likely to hit you.
Continue anyway?
Okay, then.
A large abomination comes into view.
The large abomination hits you!!
You barely miss the large abomination.
You headbutt the large abomination, but do no damage.
The large abomination hits you!
You slice the large abomination!! You headbutt the large abomination!
The large abomination is heavily damaged.
The large abomination hits you!
You slice the large abomination!!
Your headbutt misses the large abomination.
The large abomination is almost destroyed.
The large abomination hits you!
The sun demon shouts!
You hit the large abomination but do no damage.
You headbutt the large abomination.
The large abomination is almost destroyed.
The large abomination hits you!
* * * LOW HITPOINT WARNING * * *
You hit the large abomination.
The large abomination is almost destroyed.
The large abomination hits you!!
* * * LOW HITPOINT WARNING * * *
You slash the large abomination!
You destroy the large abomination!
Okawaru accepts your kill.
You closely miss the sun demon. The sun demon hits you.
* * * LOW HITPOINT WARNING * * *
You are engulfed in flames!
You die...

... ## ..# #
.## #.#
#.....####.3#
..#..## ..
#....# ###
##. # .#
#..###..#
#..@3..#
#....#..##.#
#..#.#...#.#
# #...#...#
#..#..... ...
...#.. ..##
...#### #.#
#...#


You could see a sun demon.

Vanquished Creatures
  Fannar (D:10)
  2 two-headed ogres
  A cyclops (D:10)
  A smoke demon (Abyss:2)
  An unseen horror (D:10)
  A troll (D:10)
  A hornet (D:10)
  2 large abominations (Abyss:2)
  A shadow (D:10)
  16 yaks
  2 ynoxinuls (Abyss:2)
  A chaos spawn (Abyss:2)
  A steam dragon (D:7)
  2 acid dragons
  A water moccasin (D:8)
  Pargi (Sewer)
  2 ice beasts
  3 sky beasts
  2 ogres
  11 orc warriors
  4 black bears
  4 centaurs
  2 phantoms
  4 kobold brigands
  6 bullfrogs
  2 necrophages
  2 scorpions (D:6)
  4 howler monkeys
  A small abomination (Abyss:2)
  3 hounds
  3 jellies
  12 orc priests
  2 iguanas (D:5)
  A gnoll bouda (D:5)
  Jessica (D:2)
  16 orc wizards
  A mummy (D:8)
  8 gnolls (D:5)
  8 adders
  2 ufetubi (D:4)
  A worm (D:2)
  4 dart slugs
  61 orcs
  8 ball pythons
  7 bats
  4 endoplasms
  5 giant cockroaches
  7 goblins
  10 hobgoblins
  2 jackals (D:1)
  4 quokkas
  3 frilled lizards
  25 kobolds
  8 rats
288 creatures vanquished.

Vanquished Creatures (others)
  A human (D:5)
  An orc (D:6)
  3 kobolds (D:6)
  6 plants (D:3)
11 creatures vanquished.

Grand Total: 299 creatures vanquished

Notes
Turn   | Place    | Note
-------+----------+-------------------------------------------
     0 | D:1      | Iusername the Minotaur Fighter began the quest for the Orb.
     0 | D:1      | Reached XP level 1. HP: 19/19 MP: 0/0
   159 | D:1      | Reached XP level 2. HP: 26/27 MP: 1/1
   447 | D:1      | Reached XP level 3. HP: 26/33 MP: 2/2
   695 | D:2      | Noticed Jessica
   698 | D:2      | Killed Jessica
   946 | D:2      | Reached XP level 4. HP: 37/41 MP: 3/3
  1265 | D:2      | Found a blossoming altar of Fedhas.
  1434 | D:3      | Noticed a black bear
  1445 | D:3      | Killed a black bear
  1446 | D:3      | Reached XP level 5. HP: 23/47 MP: 4/4
  1462 | D:3      | Found a faded altar of an unknown god.
  1468 | D:3      | Noticed an ice beast
  1475 | D:3      | Killed an ice beast
  1476 | D:3      | Reached skill level 5 in Fighting
  1476 | D:3      | Reached skill level 5 in Armour
  1476 | D:3      | Reached skill level 5 in Shields
  1476 | D:3      | Reached XP level 6. HP: 37/56 MP: 5/5
  1482 | D:3      | Prayed at the altar of an unknown god.
  1482 | D:3      | Became a worshipper of Warmaster Okawaru
  1482 | D:3      | Reached * piety under Okawaru
  1794 | D:3      | Found a burning altar of Makhleb.
  2549 | D:4      | Reached ** piety under Okawaru
  2550 | D:4      | Reached skill level 5 in Axes
  2550 | D:4      | Reached XP level 7. HP: 25/62 MP: 6/6
  2875 | D:4      | Found a glowing drain.
  2893 | Sewer    | Entered a sewer
  2996 | Sewer    | Noticed Pargi
  3007 | Sewer    | Killed Pargi
  3405 | D:5      | Entered Level 5 of the Dungeon
  3424 | D:5      | Found a staircase to the Ecumenical Temple.
  3811 | D:5      | Reached *** piety under Okawaru
  3812 | D:5      | Reached XP level 8. HP: 62/71 MP: 7/7
  4601 | D:5      | Found an ancient bone altar of Kikubaaqudgha.
  5482 | D:6      | Identified the +1 leather armour of Agnosticism {Int-5
                  | Dex+9}
  5517 | D:6      | Reached **** piety under Okawaru
  5518 | D:6      | Reached XP level 9. HP: 61/81 MP: 8/8
  6564 | D:7      | Found a radiant altar of Vehumet.
  7162 | D:7      | Reached ***** piety under Okawaru
  7608 | D:8      | Reached XP level 10. HP: 63/91 MP: 6/9
  7901 | D:8      | Found a white marble altar of Elyvilon.
  7945 | D:8      | Found a snail-covered altar of Cheibriados.
  8290 | D:9      | Noticed an orange crystal statue
  8414 | D:9      | Noticed a two-headed ogre
  8428 | D:9      | Killed a two-headed ogre
  8428 | D:9      | Received a gift from Okawaru
  8429 | D:9      | Reached skill level 10 in Fighting
  8429 | D:9      | Reached skill level 10 in Armour
  8429 | D:9      | Reached skill level 10 in Shields
  8815 | D:9      | Found a stormy altar of Qazlal.
  9019 | D:9      | Identified the +11 tower shield of the Equator {Drain Will+
                  | Int+5} (Okawaru gifted it to you on level 9 of the Dungeon)
  9019 | D:9      | Received a gift from Okawaru
  9020 | D:9      | Reached skill level 10 in Axes
  9346 | D:9      | Found a blossoming altar of Fedhas.
 10371 | D:10     | Entered Level 10 of the Dungeon
 10371 | D:10     | Noticed a cyclops
 10394 | D:10     | Killed a cyclops
 10502 | D:10     | Found a hazy altar of Hepliaklqana.
 10610 | D:10     | Identified the +0 chain mail "Piwk" {Harm rCorr Int+3}
 10637 | D:10     | Reached XP level 11. HP: 71/101 MP: 10/10
 11161 | D:10     | Found a staircase to the Orcish Mines.
 11233 | D:10     | Noticed a two-headed ogre
 11245 | D:10     | Killed a two-headed ogre
 11332 | D:10     | Paralysed by a hornet for 3 turns
 11525 | D:10     | HP: 5/102 [something (4)]
 11666 | Orc:1    | Entered Level 1 of the Orcish Mines
 14349 | D:10     | Noticed Fannar
 14362 | D:10     | Killed Fannar
 14899 | D:11     | Noticed Psyche
 14908 | D:11     | Noticed a purple ugly thing
 14910 | Abyss:2  | Cast into level 2 of the Abyss (Psyche)
 14988 | Abyss:2  | Noticed a wretched star
 15188 | Abyss:2  | Noticed a sun demon
 15202 | Abyss:2  | Mangled by a sun demon

Illustrated notes

Levels and vault maps discovered:
D:1:      psy_arrival_radial01, layout_basic, roderic_malta_cross
D:2:      layout_basic, basic_altar, corexii_corridor_pit, hex_intersection,
          uniq_jessica
D:3:      layout_basic, lemuel_tele_altar, basic_ecumenical_altar,
          kennysheep_boxes
D:4:      layout_loops_cross, portal_sewer_entry_f
D:5:      corexii_shack_village, layout_loops_corners, tgw_kikubaaqudgha,
          temple_pool_b
D:6:      layout_rooms
D:7:      layout_basic, mainiacjoe_overflow_paths, skrybe_limestone_x,
          minmay_crystal_room
D:8:      layout_gridville, elyvilon_altar_4, slow_altar_1,
          minmay_misc_feat_hallway
D:9:      layout_stronghold, lemuel_doored_altar, mainiacjoe_overflow_boulevard,
          minivault_16
D:10:     layout_irregular_city, nicolae_overflow_crystal_walls, david_orc_5,
          grunt_ministairs_7, uniq_fannar
D:11:     layout_cave_pools, erik_lair_island, trove_entry_hex_spiral,
          uniq_josephine, uniq_psyche
Orc:1:    dreamdust_under_siege, layout_diamond_mine, nicolae_orc_damp_corner,
          uniq_erolcha
Abyss:2:  base: D:13, spicy_abyss_helpful_harpoons

Skill      XL: |  1  2  3  4  5  6  7  8  9 10 11 |
---------------+----------------------------------+-----
Armour         | 4 5 6 8 9 10 11 | 11.7
Shields        | 4 5 6 7 9 10 11 | 11.6
Fighting       | 4 5 6 8 9 10 11 | 11.7
Axes           | 3 4 5 6 7 9 10 11 | 11.3

Action                   |  1- 3 |  4- 6 |  7- 9 | 10-12 || total
-------------------------+-------+-------+-------+-------++-------
Melee: War axe           |    68 |    82 |   308 |       ||   458
       Headbutt          |    13 |    11 |    51 |    60 ||   135
       Broad axe         |       |       |    13 |   102 ||   115
       Battleaxe         |       |       |       |   288 ||   288
Throw: Boomerang         |       |       |    17 |       ||    17
Invok: Heroism           |       |       |     1 |       ||     1
       Finesse           |       |       |       |     2 ||     2
  Use: Scroll            |     2 |       |     8 |     7 ||    17
       Potion            |       |     1 |     2 |    11 ||    14
 Stab: Invisible         |       |       |     4 |     7 ||    11
Armor: Scale mail        |    33 |       |       |       ||    33
       Plate armour      |    12 |    85 |   269 |   656 ||  1022
Dodge: Dodged            |    31 |    43 |   102 |   127 ||   303
Block: Buckler           |    19 |    41 |   102 |    36 ||   198

Table legend: (Time is in decaauts)
 A = Elapsed time spent in this place.
 B = Non-inter-level travel time spent in this place.
 C = Inter-level travel time spent in this place.
 D = Time resting spent in this place.
 E = Time spent auto-exploring this place.
 F = Levels seen in this place.
 G = Mean time per level.
                   A        B        C        D        E       F      G
               +--------+--------+--------+--------+--------+-----+--------+
         Total |  15399 |  15107 |    292 |   5568 |   6852 |  14 | 1099.9 |
       Dungeon |  13603 |  13311 |    292 |   4206 |   6644 |  11 | 1236.6 |
  Orcish Mines |   1161 |   1161 |      0 |   1152 |      0 |   1 | 1161.0 |
         Abyss |    299 |    299 |      0 |     34 |    123 |   1 |  299.0 |
         Sewer |    335 |    335 |      0 |    176 |     85 |   1 |  335.0 |
               +--------+--------+--------+--------+--------+-----+--------+

Top non-repeatable levels by time:
    D:10: 3391 daAuts
     D:9: 2160 daAuts
     D:5: 1589 daAuts
     D:6: 1394 daAuts
   Orc:1: 1161 daAuts
     D:7: 1115 daAuts
     D:3: 985 daAuts
     D:8: 806 daAuts
     D:2: 738 daAuts
     D:1: 716 daAuts
     D:4: 697 daAuts
   Sewer: 335 daAuts
 Abyss:2: 299 daAuts
    D:11: 7 daAuts
